NWL (28 & UNDER)
RED DEER WRANGLERS @ CASPER GHOSTS
08/17/2028
 
TOP OF THE 1ST
Red Deer Wranglers batting - Pitching for Casper Ghosts : LHP Ben Reyes
Pitching: LHP Ben Reyes
Batting: RHB Xavier López 0-0: Called Strike
0-1: Ball
1-1: Swinging Strike
1-2: Ball
2-2: Foul Ball, location: 2F
2-2: Strikes out looking
Batting: LHB Jorge Olvera 0-0: Called Strike
0-1: Ball
1-1: Ball
2-1: SINGLE (Line Drive, 34)
Batting: RHB Allen Brown 0-0: Ball
1-0: Foul Ball, location: 2F
1-1: Fly out, F4 (Popup, 4D)
Batting: LHB Andrew Veeck 0-0: Ball
1-0: Ball
2-0: Foul Ball, location: 2F
2-1: Foul Ball, location: 2F
2-2: Strikes out looking
Top of the 1st over - 0 run(s), 1 hit(s), 0 error(s), 1 left on base; Red Deer 0 - Casper 0
BOTTOM OF THE 1ST
Casper Ghosts batting - Pitching for Red Deer Wranglers : RHP Michael Walton
Pitching: RHP Michael Walton
Batting: RHB James Jenkins 0-0: Ball
1-0: Fly out, F5 (Popup, 5L)
Batting: RHB Peter Bryant 0-0: Swinging Strike
0-1: Foul Ball, location: 2F
0-2: Foul Ball, location: 2F
0-2: Strikes out swinging
Batting: SHB Dave Henley 0-0: Foul Ball, location: 2F
0-1: Ball
1-1: Ball
2-1: Ball
3-1: Ground out 5-3 (Groundball, 56S)
Bottom of the 1st over - 0 run(s), 0 hit(s), 0 error(s), 0 left on base; Red Deer 0 - Casper 0
TOP OF THE 2ND
Red Deer Wranglers batting - Pitching for Casper Ghosts : LHP Ben Reyes
Batting: RHB Luis Ibarra 0-0: Ball
1-0: Ball
2-0: Foul Ball, location: 2F
2-1: Ball
3-1: Called Strike
3-2: Base on Balls
Batting: SHB Robbie Rhodes 0-0: Ball
1-0: Ball
2-0: SINGLE (Line Drive, 56)
Luis Ibarra to second
Batting: RHB Ben Fisher 0-0: Ball
1-0: Ball
2-0: Called Strike
2-1: Swinging Strike
2-2: Ball
3-2: Base on Balls
Luis Ibarra to third
Robbie Rhodes to second
Batting: RHB Art Cameron 0-0: Ball
1-0: Swinging Strike
1-1: Swinging Strike
1-2: Ball
2-2: Ball
3-2: Strikes out swinging
Pitching: RHP Christian Adkins
Batting: RHB Steve Burton 0-0: Called Strike
0-1: Foul Ball, location: 2F
0-2: Reached on error, E5 (Groundball, 5)
Luis Ibarra scores
Robbie Rhodes to third
Ben Fisher to second
Batting: RHB Xavier López 0-0: Called Strike
0-1: Ball
1-1: Ball
2-1: SINGLE (Groundball, 6MD)
Robbie Rhodes scores
Ben Fisher to third
Steve Burton to second
Runner from 3rd tries for Home, SAFE, throw made home
Steve Burton to third
Xavier López to second
Batting: LHB Jorge Olvera 0-0: Swinging Strike
0-1: DOUBLE (Flyball, 78XD)
Steve Burton scores
Xavier López scores
Batting: RHB Allen Brown 0-0: Swinging Strike
0-1: Ball
1-1: Foul Ball, location: 2F
1-2: Ground out 4-3 (Groundball, 4)
Jorge Olvera to third
Batting: LHB Andrew Veeck 0-0: Called Strike
0-1: Fly out, F8 (Line Drive, 8LD)
Top of the 2nd over - 5 run(s), 3 hit(s), 1 error(s), 1 left on base; Red Deer 5 - Casper 0
BOTTOM OF THE 2ND
Casper Ghosts batting - Pitching for Red Deer Wranglers : RHP Michael Walton
Batting: RHB Juan García 0-0: Hit by Pitch
Batting: RHB Wilfred Martin 0-0: Ball
1-0: Foul Ball, location: 2F
1-1: Foul Ball, location: 2F
1-2: Ball
2-2: Foul Ball, location: 2F
2-2: Strikes out swinging
Batting: SHB José González 0-0: DOUBLE (Flyball, 7LM)
Juan García to third
Batting: RHB Robert Acosta 0-0: Called Strike
0-1: SINGLE (Flyball, 8LS)
Juan García scores
José González to third
Runner from 3rd tries for Home, SAFE, no throw
Batting: RHB Aurelio Cruz 0-0: Called Strike
0-1: Ball
1-1: Ball
2-1: Ball
3-1: SINGLE (Line Drive, 89S)
Robert Acosta to second
Batting: RHB Hunter Plunket 0-0: Called Strike
0-1: Foul Ball, location: 2F
0-2: Grounds into double play, 5-4-3 (Groundball, 56)
Bottom of the 2nd over - 2 run(s), 3 hit(s), 0 error(s), 1 left on base; Red Deer 5 - Casper 2
TOP OF THE 3RD
Red Deer Wranglers batting - Pitching for Casper Ghosts : RHP Christian Adkins
Batting: RHB Luis Ibarra 0-0: Called Strike
0-1: Foul Ball, location: 2F
0-2: Ball
1-2: Ball
2-2: Ball
3-2: SINGLE (Flyball, 9LS)
Batting: SHB Robbie Rhodes 0-0: Fielders Choice at 2nd, 1-4 (Groundball, 15S)
Batting: RHB Ben Fisher 0-0: Called Strike
0-1: Reached on error, E5 (Groundball, 5)
Robbie Rhodes to second
Batting: RHB Art Cameron 0-0: Called Strike
0-1: Ball
1-1: Called Strike
1-2: Strikes out looking
Batting: RHB Steve Burton 0-0: Foul Ball, location: 2F
0-1: Ball
1-1: Fly out, F9 (Flyball, 9S)
Top of the 3rd over - 0 run(s), 1 hit(s), 1 error(s), 2 left on base; Red Deer 5 - Casper 2
BOTTOM OF THE 3RD
Casper Ghosts batting - Pitching for Red Deer Wranglers : RHP Michael Walton
Batting: RHB James Jenkins 0-0: Ball
1-0: Ground out 6-3 (Groundball, 6S)
Batting: RHB Peter Bryant 0-0: Ball
1-0: Foul Ball, location: 2F
1-1: Swinging Strike
1-2: Ball
2-2: Foul Ball, location: 2F
2-2: SOLO HOME RUN (Flyball, 78XD), Distance : 426 ft
Batting: SHB Dave Henley 0-0: Swinging Strike
0-1: Ball
1-1: Foul Ball, location: 2F
1-2: Fly out, F2 (Popup, 5S)
Batting: RHB Juan García 0-0: DOUBLE (Flyball, 78XD)
Batting: RHB Wilfred Martin 0-0: Ball
1-0: Foul Ball, location: 2F
1-1: Ball
2-1: Fly out, F8 (Flyball, 8RM)
Bottom of the 3rd over - 1 run(s), 2 hit(s), 0 error(s), 1 left on base; Red Deer 5 - Casper 3
TOP OF THE 4TH
Red Deer Wranglers batting - Pitching for Casper Ghosts : RHP Christian Adkins
Batting: RHB Xavier López 0-0: Ball
1-0: Ball
2-0: Foul Ball, location: 2F
2-1: Ball
3-1: Foul Ball, location: 2F
3-2: Foul Ball, location: 2F
3-2: Base on Balls
Pitching: RHP Ray Adams
Batting: LHB Jorge Olvera 0-0: Ball
1-0: Called Strike
1-1: Ball
2-1: SINGLE (Line Drive, 56D)
Xavier López to second
Batting: RHB Allen Brown 0-0: Called Strike
0-1: Ball
1-1: Ball
2-1: Fly out, F6 (Popup, 6M)
Batting: LHB Andrew Veeck 0-0: Fielders Choice at 2nd, 1-6 (Groundball, 13)
Xavier López to third
Batting: RHB Luis Ibarra 0-0: Ball
1-0: Foul Ball, location: 2F
1-1: Hit by Pitch
Andrew Veeck to second
Batting: SHB Robbie Rhodes 0-0: Swinging Strike
0-1: Called Strike
0-2: Ball
1-2: Ball
2-2: DOUBLE (Line Drive, 9LM)
Xavier López scores
Andrew Veeck scores
Luis Ibarra to third
Batting: RHB Ben Fisher 0-0: Ball
1-0: Called Strike
1-1: 3-RUN HOME RUN (Flyball, 7LD), Distance : 377 ft
Batting: RHB Art Cameron 0-0: Ball
1-0: Called Strike
1-1: Reached on error, E4 (Groundball, 4)
Batting: RHB Steve Burton 0-0: Foul Ball, location: 2F
0-1: Ball
1-1: Ball
Art Cameron steals 2nd base
2-1: Fly out, F9 (Flyball, 9LS)
Top of the 4th over - 5 run(s), 3 hit(s), 1 error(s), 1 left on base; Red Deer 10 - Casper 3
BOTTOM OF THE 4TH
Casper Ghosts batting - Pitching for Red Deer Wranglers : RHP Michael Walton
Batting: SHB José González 0-0: Ground out 4-3 (Groundball, 4)
Batting: RHB Robert Acosta 0-0: Fly out, F5 (Popup, 5L)
Batting: RHB Aurelio Cruz 0-0: Called Strike
0-1: Fly out, F8 (Line Drive, 78M)
Bottom of the 4th over - 0 run(s), 0 hit(s), 0 error(s), 0 left on base; Red Deer 10 - Casper 3
TOP OF THE 5TH
Red Deer Wranglers batting - Pitching for Casper Ghosts : RHP Ray Adams
Batting: RHB Xavier López 0-0: Foul Ball, location: 2F
0-1: Ball
1-1: Foul Ball, location: 2F
1-2: SINGLE (Line Drive, 56)
Batting: LHB Jorge Olvera 0-0: Ball
1-0: Called Strike
1-1: Ball
2-1: Ball
3-1: Base on Balls
Xavier López to second
Batting: RHB Allen Brown 0-0: Ball
1-0: Ball
2-0: Ball
3-0: Called Strike
3-1: Reached via error on a dropped throw, E4
Xavier López to third
Jorge Olvera to second
Batting: LHB Andrew Veeck 0-0: Ball
1-0: Fly out, F8 (Line Drive, 8LM)
Runner from 3rd tags up, SCORES, no throw
Batting: RHB Luis Ibarra 0-0: Called Strike
0-1: Ball
1-1: Ball
2-1: 3-RUN HOME RUN (Flyball, 89XD), Distance : 430 ft
Batting: SHB Robbie Rhodes 0-0: Ball
1-0: Ground out 6-3 (Groundball, 6S)
Batting: RHB Ben Fisher 0-0: Called Strike
0-1: Ball
1-1: Foul Ball, location: 2F
1-2: Strikes out swinging
Top of the 5th over - 4 run(s), 2 hit(s), 1 error(s), 0 left on base; Red Deer 14 - Casper 3
BOTTOM OF THE 5TH
Casper Ghosts batting - Pitching for Red Deer Wranglers : RHP Michael Walton
Batting: RHB Hunter Plunket 0-0: Ball
1-0: Ground out 1-3 (Groundball, 13)
Batting: RHB James Jenkins 0-0: Ball
1-0: DOUBLE (Line Drive, 7LM)
Batting: RHB Peter Bryant 0-0: Called Strike
James Jenkins steals 3rd base
0-1: SINGLE (Line Drive, 4D)
James Jenkins scores
Batting: SHB Dave Henley 0-0: Ball
1-0: Ball
2-0: Foul Ball, location: 2F
2-1: SINGLE (Groundball, 6D)
Peter Bryant to second
Batting: RHB Juan García 0-0: Called Strike
0-1: Called Strike
Peter Bryant steals 3rd base
Dave Henley to second
0-2: Strikes out looking
Batting: RHB Wilfred Martin 0-0: Called Strike
0-1: Ball
1-1: Called Strike
1-2: Ball
2-2: Foul Ball, location: 2F
2-2: Reached on error, E7 (Flyball, 7D)
Peter Bryant scores
Dave Henley scores
Batting: SHB José González 0-0: Ball
1-0: Ball
2-0: Called Strike
2-1: Ball
3-1: Foul Ball, location: 2F
3-2: Ground out 4-3 (Groundball, 4S)
Bottom of the 5th over - 3 run(s), 3 hit(s), 1 error(s), 1 left on base; Red Deer 14 - Casper 6
TOP OF THE 6TH
Red Deer Wranglers batting - Pitching for Casper Ghosts : RHP Ray Adams
Batting: RHB Art Cameron 0-0: Called Strike
0-1: Ball
1-1: Fly out, F4 (Popup, 4D)
Pitching: RHP Jack Hampton
Batting: RHB Steve Burton 0-0: Ball
1-0: Ball
2-0: Foul Ball, location: 2F
2-1: Swinging Strike
2-2: Ball
3-2: Base on Balls
Batting: RHB Xavier López 0-0: Ball
1-0: 2-RUN HOME RUN (Flyball, 7D), Distance : 395 ft
Batting: LHB Jorge Olvera 0-0: Ball
1-0: Ball
2-0: Called Strike
2-1: Ball
3-1: Base on Balls
Batting: RHB Allen Brown 0-0: Ball
1-0: Foul Ball, location: 2F
1-1: Called Strike
1-2: Foul Ball, location: 2F
1-2: Strikes out looking
Pinch Hitting: LHB Héctor Santos 0-0: Fly out, F7 (Flyball, 7)
Top of the 6th over - 2 run(s), 1 hit(s), 0 error(s), 1 left on base; Red Deer 16 - Casper 6
BOTTOM OF THE 6TH
Casper Ghosts batting - Pitching for Red Deer Wranglers : RHP Michael Walton
Now in RF: Ricardo González
Batting: RHB Robert Acosta 0-0: Foul Ball, location: 2F
0-1: Foul Ball, location: 2F
0-2: Ball
1-2: Ball
2-2: Foul Ball, location: 2F
2-2: Foul Ball, location: 2F
2-2: SINGLE (Flyball, 7S)
Pitching: LHP Macy Catron
Batting: RHB Aurelio Cruz 0-0: Ball
1-0: Fielders Choice at 2nd, 5-4 (Groundball, 56)
Batting: RHB Hunter Plunket 0-0: Called Strike
0-1: Ball
1-1: Ball
2-1: Fly out, F2 (Popup, 25)
Batting: RHB James Jenkins 0-0: Called Strike
0-1: Foul Ball, location: 2F
0-2: Ball
Aurelio Cruz steals 2nd base
1-2: Foul Ball, location: 2F
1-2: SINGLE (Line Drive, 34D)
Aurelio Cruz to third
Runner from 3rd tries for Home, SAFE, no throw
Batting: RHB Peter Bryant 0-0: DOUBLE (Line Drive, 89XD)
James Jenkins to third
Runner from 3rd tries for Home, throw and OUT!
Bottom of the 6th over - 1 run(s), 3 hit(s), 0 error(s), 1 left on base; Red Deer 16 - Casper 7
TOP OF THE 7TH
Red Deer Wranglers batting - Pitching for Casper Ghosts : RHP Jack Hampton
Batting: RHB Luis Ibarra 0-0: SINGLE (Groundball, 6D)
Batting: SHB Robbie Rhodes 0-0: Ball
1-0: Called Strike
Luis Ibarra steals 2nd base
1-1: Ball
2-1: Foul Ball, location: 2F
2-2: Foul Ball, location: 2F
2-2: Ball
3-2: SINGLE (Groundball, 23) (infield hit)
Luis Ibarra to third
Pitching: RHP Vaughn Stanley
Batting: RHB Ben Fisher 0-0: Called Strike
0-1: Reached on error, E5 (Groundball, 56)
Luis Ibarra scores
Robbie Rhodes to second
Batting: RHB Art Cameron 0-0: Called Strike
0-1: Fielders Choice at 2nd, 6-4 (Groundball, 6M)
Robbie Rhodes to third
Batting: RHB Steve Burton 0-0: Called Strike
0-1: Ball
Art Cameron steals 2nd base
1-1: Swinging Strike
1-2: Ball
2-2: Ball
3-2: Strikes out swinging
Batting: RHB Xavier López 0-0: Called Strike
0-1: Reached on error, E4 (Groundball, 4)
Robbie Rhodes scores
Art Cameron to third
Batting: LHB Jorge Olvera 0-0: Ball
1-0: Called Strike
1-1: Fly out, F7 (Flyball, 7D)
Top of the 7th over - 2 run(s), 2 hit(s), 2 error(s), 2 left on base; Red Deer 18 - Casper 7
BOTTOM OF THE 7TH
Casper Ghosts batting - Pitching for Red Deer Wranglers : LHP Macy Catron
Batting: SHB Dave Henley 0-0: Called Strike
0-1: Fly out, F8 (Flyball, 8LD)
Batting: RHB Juan García 0-0: Ball
1-0: Swinging Strike
1-1: SOLO HOME RUN (Flyball, 7LD), Distance : 383 ft
Batting: RHB Wilfred Martin 0-0: Called Strike
0-1: Ball
1-1: Ball
2-1: Ball
3-1: SINGLE (Groundball, 4D)
Batting: SHB José González 0-0: SINGLE (Groundball, 6MD)
Wilfred Martin to second
Batting: RHB Robert Acosta 0-0: Fly out, F8 (Line Drive, 89S)
Batting: RHB Aurelio Cruz 0-0: Called Strike
0-1: SINGLE (Groundball, 34D)
Wilfred Martin to third
José González to second
Runner from 3rd tries for Home, SAFE, no throw
Batting: RHB Hunter Plunket 0-0: Called Strike
0-1: Foul Ball, location: 2F
0-2: Fly out, F5 (Line Drive, 5)
Bottom of the 7th over - 2 run(s), 4 hit(s), 0 error(s), 2 left on base; Red Deer 18 - Casper 9
TOP OF THE 8TH
Red Deer Wranglers batting - Pitching for Casper Ghosts : RHP Vaughn Stanley
Batting: RHB Allen Brown 0-0: Ball
1-0: Ball
2-0: Reached on error, E5 (Groundball, 56)
Pitching: LHP Luis Alemán
Batting: RHB Ricardo González 0-0: Called Strike
0-1: Ground out U3 (Groundball, 3)
Allen Brown to third
Batting: RHB Luis Ibarra 0-0: Called Strike
0-1: Ball
1-1: Foul Ball, location: 2F
1-2: Ball
2-2: Strikes out swinging
Batting: SHB Robbie Rhodes 0-0: Ball
1-0: Ball
2-0: Called Strike
2-1: TRIPLE (Flyball, 8RXD)
Allen Brown scores
Batting: RHB Ben Fisher 0-0: Ball
1-0: Called Strike
1-1: Ball
2-1: Ball
3-1: Ground out 4-3 (Groundball, 6M)
Top of the 8th over - 1 run(s), 1 hit(s), 1 error(s), 1 left on base; Red Deer 19 - Casper 9
BOTTOM OF THE 8TH
Casper Ghosts batting - Pitching for Red Deer Wranglers : LHP Macy Catron
Pinch Hitting: RHB Paul Richard 0-0: Ball
1-0: Ball
2-0: SINGLE (Line Drive, 6D)
Batting: RHB Peter Bryant 0-0: Ball
1-0: Called Strike
1-1: Ball
2-1: DOUBLE (Groundball, 5L)
Paul Richard to third
Pitching: RHP Daniel De Jesús
Pinch Hitting: LHB Ramón Córdova 0-0: DOUBLE (Groundball, 3L)
Paul Richard scores
Peter Bryant scores
Batting: RHB Juan García 0-0: Called Strike
0-1: Swinging Strike
0-2: Foul Ball, location: 2F
0-2: Ball
1-2: Foul Ball, location: 2F
1-2: Strikes out swinging
Batting: RHB Wilfred Martin 0-0: Foul Ball, location: 2F
0-1: Ball
1-1: Swinging Strike
1-2: Ball
2-2: Strikes out swinging
Batting: SHB José González 0-0: Fly out, F9 (Flyball, 9LMF)
Bottom of the 8th over - 2 run(s), 3 hit(s), 0 error(s), 1 left on base; Red Deer 19 - Casper 11
TOP OF THE 9TH
Red Deer Wranglers batting - Pitching for Casper Ghosts : LHP Luis Alemán
Pitching: LHP Pablo Solíz
Now at SS: Ralph Cobb
Now in LF: Ramón Córdova
Batting: RHB Art Cameron 0-0: Called Strike
0-1: SINGLE (Groundball, 4MD)
Batting: RHB Steve Burton 0-0: Foul Ball, location: 2F
0-1: Ball
1-1: Fly out, F4 (Line Drive, 4)
Batting: RHB Xavier López 0-0: Called Strike
Art Cameron steals 2nd base
0-1: Swinging Strike
0-2: Ball
1-2: SINGLE (Groundball, 56D)
Art Cameron to third
Runner from 3rd tries for Home, SAFE, no throw
Batting: LHB Jorge Olvera 0-0: Foul Ball, location: 2F
0-1: Called Strike
0-2: Strikes out swinging
Batting: RHB Allen Brown 0-0: Called Strike
0-1: Swinging Strike
0-2: Strikes out swinging
Top of the 9th over - 1 run(s), 2 hit(s), 0 error(s), 1 left on base; Red Deer 20 - Casper 11
BOTTOM OF THE 9TH
Casper Ghosts batting - Pitching for Red Deer Wranglers : RHP Daniel De Jesús
Batting: RHB Robert Acosta 0-0: Ball
1-0: Ball
2-0: Ball
3-0: Foul Ball, location: 2F
3-1: Foul Ball, location: 2F
3-2: Foul Ball, location: 2F
3-2: Base on Balls
Batting: RHB Aurelio Cruz 0-0: Ball
1-0: Ball
2-0: Foul Ball, location: 2F
2-1: Foul Ball, location: 2F
2-2: SINGLE (Groundball, 4MD)
Robert Acosta to second
Runner from 2nd tries for 3rd, OUT!
Aurelio Cruz to second
Batting: RHB Hunter Plunket 0-0: Ground out 6-3 (Groundball, 6)
Batting: LHB Ralph Cobb 0-0: Fly out, F8 (Flyball, 78S)
Bottom of the 9th over - 0 run(s), 1 hit(s), 0 error(s), 1 left on base; Red Deer 20 - Casper 11
Tuesday, August 8th, 2017 - OOTP Baseball 17.12 Build 75